Description

This is pretty nice build with a strong timing attack with one medivac, 6 helions and with future push with battlecruisers

VOD

https://www.youtube.com/watch?v=6xJUp8E37h0&t=580s

Replay - Uthermal Terran School #19

Build Order

Get SALT Encoding   

  12  0:00  SCV  raly point on ramp
  13  0:12  SCV  raly point on mineral line
  14  0:17  Supply Depot  suply in ramp
  14  0:24  SCV  
  15  0:38  SCV  
  15  0:40  Barracks  barrack on ramp
  16  0:43  Refinery  immediately after barrack, leave csv on it
  16  0:51  SCV  raly point on refinery, pull one scv from mineral line
  17  1:03  SCV  
  18  1:15  SCV  
  19  1:27  Orbital Command  Immdiately after barrack finishes
  19  1:29  Barracks Reactor  Don't order reaper, you don't need it
  19  1:40  Command Center  One scv goes scouting and one builds CC
  19  1:52  Supply Depot  Second supply on ramp to do the wall
  19  1:53  SCV  
  20  2:05  Marine x2  When reactor finishes, order 2 marines
  23  2:11  Factory  Make sure to set factory next to the barrack
  23  2:17  SCV  
  23  2:21  Refinery  Rally ponint on this refinery. You should have 16 scvs on minerals
  24  2:23  Marine x2  
  30  2:51  Orbital Command  
  30  2:56  Starport  set starport and at the same time fly with factory on barack
  31  3:04  Hellion x2  
  33  3:09  Marine  You steal need to order marines from barrack even tho it doesn't have reactor
  38  3:24  Supply Depot  Better set it in the wall on natural
  38  3:25  Hellion x2  
  40  3:32  Medivac  As soon as starport finishes order this medivac for future drop
  44  3:38  Fusion Core  And than fusion core for that BC :)
  45  3:46  Marine  Last Marine for the drop (You should have 8 at this point)
  47  3:50  Hellion x2  Go for 6 Helions
  52  4:04  Starport Tech Lab  Place it after medivac flies out of it
  52  4:07  Supply Depot  Place it in the wall on natural too, FLY OUT WITH MEDIVAC, GO-GO-GO
  54  4:22  Command Center  Place it just in the wall on natural, DRIVE WITH HELLIONS
  55  4:37  Battlecruiser  At this moment your starport tech lab should be finished. Order BC
  62  4:58  Supply Depot  After the fight you should lose some units, so this one can be delayed a bit
  58  5:17  Barracks Tech Lab  Add this Tech Lab to barrack which was on the beggining
  54  5:21  Barracks x2  Set one instead of factory and one randomly
  54  5:23  Engineering Bay x2  Two e-bays on main
  54  5:27  Refinery  First gas on natural (after e-bay because of bio)
  54  5:28  Factory Reactor  Timing on which your factory lands
  54  5:29  Barracks x2  You should go up to 5 barracks
  56  5:35  Marine  
  56  5:36  Stimpack  
  56  5:37  Orbital Command  Your BC leaves starport soon, get ready to tp it!
  58  5:54  Battlecruiser  
  68  6:10  Refinery  Secon gas on natural
  69  6:15  Marine  
  69  6:17  Missile Turret x4  In case you notice spire with your bc don't forget them !!
  69  6:26  Widow Mine x2  This is really good for defending your 3rd or natural
  69  6:29  Missile Turret x3  More turrets if you are affraid of mutta (optional)
  78  6:44  Terran Infantry Weapons Level 1, Terran Infantry Armor Level 1  UPGRADES, UPGRADES
  77  6:48  Widow Mine x2  
  82  7:29  Barracks Reactor x4  
  82  7:33  Starport Reactor  
  82  7:34  Missile Turret x7  Still optional
  82  7:36  Combat Shield  Don't forget that thing too
  89  7:52  Widow Mine x4  
  101  8:22  Factory, Medivac x2  
  101  8:24  Widow Mine x4  
  113  8:33  Armory  
  119  8:47  Widow Mine  
  127  8:58  Medivac x4  
  133  9:07  Refinery  
  133  9:28  Thor  
  149  9:42  Medivac  GG
Spawning Tool Build Advisor. Get it on Overwolf

Go to:

Details

  • Created by: OneGraund
  • Published on: May 09, 2021
  • Modified on: May 10, 2021
  • Patch: 4.11.0
  • Difficulty: Hard
Show
View Real Time Build Order
Export as new Build Order

Comments (0)

There are no comments. Be the first!

Create an account to comment!